 Dungeon Crawl Stone Soup version 0.30-a0-585-g93115170b9 (webtiles) character file.

Game seed: 17206558725652454925

5815 quinnr the Zephyrmancer (level 10, -9/50 HPs)
             Began as a Tengu Air Elementalist on Jan 2, 2023.
             Was a Priest of Vehumet.
             Killed from afar by a steam dragon (16 damage)
             ... with a ball of steam
             ... on level 9 of the Dungeon.
             The game lasted 00:26:19 (10843 turns).

quinnr the Zephyrmancer (Tengu Air Elementalist)   Turns: 10843, Time: 00:26:20

Health: -9/50      AC:  6    Str:  9    XL:     10   Next: 79%
Magic:  5/29       EV: 16    Int: 23    God:    Vehumet [***...]
Gold:   206        SH:  0    Dex: 14    Spells: 12/21 levels left

rFire   . . .      SeeInvis .    v - +7 dagger of Ceyggarph {flame, rPois Int+3}
rCold   . . .      Faith    .    t - orb {light}
rNeg    + . .      Spirit   .    a - +0 robe
rPois   +          Reflect  .    (helmet restricted)
rElec   .          Harm     .    D - +2 cloak of Minor Irritation {+Inv rN+ Stlth+}
rCorr   .          Rampage  .    u - +0 pair of gloves
Will    .....                    (boots unavailable)
Stlth   ++                       c - amulet of the acrobat
HPRegen 0.28/turn                M - ring of magical power
MPRegen 0.21/turn                (no ring)

@: lethally poisoned (-9 -> -10), flying quickly and evasively, glowing, quick
A: beak, talons 3, nimble flight
a: Renounce Religion, Evoke Invisibility


You were on level 9 of the Dungeon.
You worshipped Vehumet.
Vehumet was most pleased with you.
You visited 2 branches of the dungeon, and saw 10 of its levels.

You collected 486 gold pieces.
You spent 280 gold pieces at shops.


Innate Abilities, Weirdness & Mutations

You have a beak for a mouth.
You have claws for feet.
Your magical nature lets you fly swiftly and evasively.


   Skills:
 - Level 4.0 Dodging
 + Level 7.3 Stealth
 - Level 4.0 Shields
 - Level 6.0 Spellcasting
 - Level 2.0 Conjurations
 - Level 3.0 Translocations
 + Level 12.9 Air Magic
 - Level 6.0 Evocations


You had 12 spell levels left.
You knew the following spells:

 Your Spells              Type           Power      Damage    Failure   Level
a - Airstrike             Air            30%        2d(5-21)  1%          4
t - Static Discharge      Conj/Air       82%        2-6/arc   1%          2
z - Shock                 Conj/Air       100%       1d9       1%          1
B - Blink                 Tloc           40%        N/A       3%          2

Your spell library contained the following spells:

 Spells                   Type           Power      Damage    Failure   Level
 Flame Wave               Conj/Fire      11%        2d6       16%         4
 Momentum Strike          Conj/Tloc      36%        3d9       1%          2
 Swiftness                Air            61%        N/A       1%          3
 Lesser Beckoning         Tloc           40%        N/A       8%          3
 Slow                     Hex            24%        N/A       9%          1
 Ensorcelled Hibernation  Hex/Ice        12%        N/A       13%         2
 Passwall                 Tmut/Erth      5%         N/A       13%         2
 Sublimation of Blood     Necr           6%         N/A       13%         2
 Confusing Touch          Hex            6%         N/A       26%         3
 Vampiric Draining        Necr           6%         2d6       26%         3
 Irradiate                Conj/Tmut      5%         3d13      36%         5
 Petrify                  Tmut/Erth      6%         N/A       63%         4

Inventory:

Hand Weapons
 v - the +7 dagger of Ceyggarph (weapon) {flame, rPois Int+3}
   (You found it on level 5 of the Dungeon)

   It burns those it strikes, dealing additional fire damage.
   Int:       It affects your intelligence (+3).
   rPois:     It protects you from poison.
Missiles
 C - 2 throwing nets {=f}
Armour
 a - a +0 robe (worn)
 d - a +0 buckler
 i - a +2 cloak
 t - an orb of light (worn)
 u - a +0 pair of gloves (worn)
 D - the +2 cloak of Minor Irritation (worn) {+Inv rN+ Stlth+}
   (You found it on level 7 of the Dungeon)

   rN:        It protects you from negative energy.
   +Inv:      It lets you turn invisible.
   Stlth:     It makes you more stealthy.
Jewellery
 c - an amulet of the acrobat (around neck)
 F - a ring of fire
 M - a ring of magical power (left hand)
Wands
 g - a wand of light (26)
 E - a wand of paralysis (1)
 H - a wand of roots (15)
 I - a wand of polymorph (3)
Scrolls
 e - 2 scrolls of poison {unknown}
 h - a scroll of silence {!r}
 j - 4 scrolls of immolation
 m - a scroll of torment {unknown}
 n - 2 scrolls of enchant armour {unknown}
 p - a scroll of noise {unknown}
 q - 7 scrolls of teleportation {@r2}
 s - 2 scrolls of brand weapon {unknown}
 x - 2 scrolls of magic mapping {unknown}
 y - 3 scrolls of vulnerability {unknown}
 G - a scroll of butterflies {unknown}
 K - a scroll of amnesia {unknown}
 L - a scroll of enchant weapon {unknown}
Potions
 b - 2 potions of magic
 f - 3 potions of degeneration
 k - 6 potions of curing {unknown}
 l - 2 potions of attraction
 o - 3 potions of might {unknown}
 r - 2 potions of haste {unknown}
 w - 2 potions of ambrosia
 A - a potion of flight {unknown}
 B - a potion of mutation {unknown}
 J - a potion of resistance {unknown}

Dungeon Overview and Level Annotations

Branches:
Dungeon (9/15)             Temple (1/1) D:4            Lair (0/5) D:9
    Orc: D:9-12

Altars:
Ashenzari
Cheibriados
Elyvilon
Fedhas
Gozag
Hepliaklqana
Kikubaaqudgha
Makhleb
Nemelex Xobeh
Okawaru
Qazlal
Ru
Sif Muna
Trog
Uskayaw
Vehumet
Wu Jian
Zin
The Shining One

Shops:
D:6 =   D:8 (   D:9 :

Annotations:
D:6 2 runed translucent doors, Newt's ghost, novice DsGl

##....#....#....# #...##
#####.####......# ###.### #
#.......###.#######...# ..
........).##.........######### ..
..............................
###...........######.............
#.............##.........##......
#.##.............###.....##......
#.###...#.......@........########
...##.....##....§........#
......#### ##...§...######
....### #####......#
###...####...#..D...# #
###..†.....#......#
######†..##...### #........#
#...##...#


There were no monsters in sight!


Message History

Unknown command.
Casting: Airstrike (safe; 1% risk of failure)
Confirm with . or Enter, or press ? or * to list all spells.
Aiming: Airstrike (safe; 1% risk of failure)
Press: ? - help, Dir - move target, f - kobold brigand
Aim: a kobold brigand, wielding a +0 short sword and quivering poisoned darts (almost dead, haloed, empty space bonus: 3/8)
The air twists around and strikes the kobold brigand!
You kill the kobold brigand!
Vehumet accepts your kill.
You feel your power returning.
You feel sick.
Casting: Airstrike (safe; 1% risk of failure)
Confirm with . or Enter, or press ? or * to list all spells.
Aiming: Airstrike (safe; 1% risk of failure)
Press: ? - help, Dir - move target, f - kobold brigand
Aim: a kobold brigand, wielding a +0 dagger and quivering curare-tipped darts (heavily wounded, haloed, empty space bonus: 2/8)
The air twists around and strikes the kobold brigand!
You kill the kobold brigand!
Vehumet accepts your kill.
Vehumet offers you knowledge of Flame Wave.
You feel your power returning.
Your surroundings suddenly seem different.
A steam dragon comes into view.
You feel sick.
You feel sick.
The steam dragon hisses angrily.
There is a stone staircase leading up here.
You feel sick. The steam dragon breathes steam at you.
The ball of steam hits you!
You die...

Skill      XL: |  1  2  3  4  5  6  7  8  9 10 |
---------------+-------------------------------+-----
Conjurations   | 2 |  2.0
Spellcasting   | 3 4 6 |  6.0
Shields        | 1 2 3 4 |  4.0
Air Magic      | 5 6 7 10 11 12 | 12.9
Dodging        | 4 |  4.0
Stealth        | 4 7 |  7.3
Translocations | 3 |  3.0
Evocations     | 1 4 6 |  6.0

Action                   |  1- 3 |  4- 6 |  7- 9 | 10-12 || total
-------------------------+-------+-------+-------+-------++-------
Melee: Unarmed           |    12 |       |    11 |       ||    23
       Kick              |     4 |       |     7 |       ||    11
       Peck              |     1 |       |     4 |       ||     5
       Punch             |     1 |       |       |       ||     1
 Cast: Shock             |    63 |    81 |   125 |    31 ||   300
       Static Discharge  |     8 |       |     5 |     9 ||    22
       Airstrike         |       |     4 |    99 |    49 ||   152
       Blink             |       |       |       |     1 ||     1
Evoke: Wand              |       |       |       |     2 ||     2
  Use: Scroll            |       |     3 |     3 |     1 ||     7
       Potion            |       |       |       |     2 ||     2
Armor: Robe              |     3 |     2 |     9 |     7 ||    21
Dodge: Dodged            |    29 |    15 |    42 |    35 ||   121
Block: Buckler           |       |     2 |    12 |       ||    14

Levels and vault maps discovered:
D:1:      tarquinn_simple_flora_water_e, layout_basic,
          shapermc_ecumenical_altar_gd
D:2:      layout_rooms, dk_noncrumbling_3, uniq_natasha, uniq_terence,
          uniq_crazy_yiuf_cottage
D:3:      layout_rooms, serial_bayou_pond_d
D:4:      layout_basic, minmay_temple_entry_fiery
D:5:      layout_loops_ring, grunt_ministairs_8, minmay_misc_feat_cross
D:6:      layout_basic, serial_shops, nicolae_square_shop,
          ebering_ghost_disaster_area, minivault_26, uniq_grinder
D:7:      layout_cave_pools, fedhas_ov_isle_minmay, serial_demonic,
          serial_demonic_a, serial_demonic_e, serial_demonic_b, serial_demonic_f
D:8:      layout_rooms, ashenzari_altar_1, serial_shops, kennysheep_mini_moat
D:9:      layout_rooms, mainiacjoe_overflow_brackets, lair_entry_dummy,
          special_room [special_room_kobold], serial_shops, kennysheep_mini,
          uniq_maggie
Temple:   minmay_temple_bridge_d

Notes
Turn   | Place    | Note
-------+----------+-------------------------------------------
     0 | D:1      | quinnr the Tengu Air Elementalist began the quest for the
                  | Orb.
     0 | D:1      | Reached XP level 1. HP: 10/10 MP: 4/4
   200 | D:1      | Reached skill level 2 in Conjurations
   204 | D:1      | Reached XP level 2. HP: 15/15 MP: 0/6
   445 | D:1      | Found a faded altar of an unknown god.
   775 | D:1      | Reached skill level 3 in Spellcasting
   814 | D:1      | Reached XP level 3. HP: 18/19 MP: 5/8
  1137 | D:1      | Learned a level 2 spell: Static Discharge
  1141 | D:2      | Noticed Terence
  1340 | D:1      | Reached skill level 1 in Shields
  1477 | D:2      | Reached XP level 4. HP: 24/24 MP: 4/9
  1708 | D:1      | Learned a level 4 spell: Airstrike
  1729 | D:1      | Killed Terence
  1730 | D:1      | Reached skill level 2 in Shields
  1730 | D:1      | Reached skill level 5 in Air Magic
  1893 | D:2      | Found a runed translucent door.
  1895 | D:2      | Noticed Crazy Yiuf
  2026 | D:2      | Gained mutation: Your magical nature lets you fly swiftly
                  | and evasively. [Tengu growth]
  2026 | D:2      | Reached XP level 5. HP: 28/28 MP: 7/10
  2311 | D:2      | Noticed Natasha
  2318 | D:2      | Killed Natasha
  2333 | D:2      | Noticed Natasha
  2373 | D:2      | Killed Natasha
  2584 | D:2      | Noticed Natasha
  2587 | D:2      | Killed Natasha
  2588 | D:2      | Reached skill level 3 in Shields
  2588 | D:2      | Reached skill level 6 in Air Magic
  2719 | D:2      | Killed Crazy Yiuf
  2720 | D:2      | Reached XP level 6. HP: 32/32 MP: 8/11
  3434 | D:4      | Noticed a hornet
  3436 | D:4      | Killed a hornet
  3437 | D:4      | Reached skill level 4 in Shields
  3437 | D:4      | Reached skill level 7 in Air Magic
  3437 | D:4      | Reached XP level 7. HP: 36/36 MP: 3/12
  3775 | D:4      | Reached skill level 3 in Dodging
  3859 | D:4      | Reached skill level 3 in Stealth
  4258 | D:4      | Found a staircase to the Ecumenical Temple.
  4286 | Temple   | Entered the Ecumenical Temple
  4347 | Temple   | Became a worshipper of Vehumet
  4495 | D:5      | Entered Level 5 of the Dungeon
  4661 | D:5      | Reached skill level 4 in Dodging
  4661 | D:5      | Reached skill level 4 in Stealth
  4661 | D:5      | Reached skill level 4 in Spellcasting
  4661 | D:5      | Reached XP level 8. HP: 32/41 MP: 1/15
  4930 | D:5      | Reached skill level 8 in Air Magic
  5085 | D:5      | Learned a level 2 spell: Blink
  5109 | D:5      | Reached skill level 1 in Translocations
  5219 | D:5      | Reached skill level 9 in Air Magic
  5369 | D:5      | Identified the +7 dagger of Ceyggarph {flame, rPois Int+3}
  5605 | D:5      | Reached skill level 2 in Translocations
  5731 | D:6      | Noticed Grinder
  5734 | D:6      | Paralysed by Grinder for 4 turns
  5961 | D:6      | Reached * piety under Vehumet
  5961 | D:6      | Offered knowledge of Kiss of Death by Vehumet.
  6079 | D:6      | Found a large runed translucent door.
  6079 | D:6      | Found a large runed translucent door.
  6090 | D:6      | Killed Grinder
  6091 | D:6      | Reached skill level 3 in Translocations
  6194 | D:6      | Noticed Newt's ghost (novice DsGl)
  6214 | D:6      | Reached skill level 10 in Air Magic
  6256 | D:6      | Reached skill level 1 in Evocations
  6334 | D:6      | Reached XP level 9. HP: 45/45 MP: 10/16
  6369 | D:6      | Found Bothrea's Jewellery Boutique.
  6377 | D:6      | Bought a ring of magical power for 280 gold pieces
  6489 | D:6      | Reached skill level 2 in Evocations
  7239 | D:7      | Reached skill level 3 in Evocations
  7418 | D:6      | Reached skill level 4 in Evocations
  7882 | D:7      | Found a blossoming altar of Fedhas.
  8059 | D:7      | Offered knowledge of Foxfire by Vehumet.
  8085 | D:7      | Reached ** piety under Vehumet
  8086 | D:7      | Reached skill level 5 in Spellcasting
  8094 | D:7      | Reached skill level 11 in Air Magic
  8292 | D:7      | Identified the +2 cloak of Minor Irritation {+Inv rN+
                  | Stlth+}
  8730 | D:8      | Reached skill level 6 in Spellcasting
  8837 | D:8      | Found a broken altar of Ashenzari.
  9022 | D:8      | Found Xaintuen's Antique Weapon Boutique.
  9326 | D:9      | Found a staircase to the Lair.
  9493 | D:9      | Reached XP level 10. HP: 50/50 MP: 17/20
  9535 | D:9      | Reached skill level 5 in Stealth
  9732 | D:9      | Noticed a manticore
  9739 | D:9      | Killed a manticore
  9739 | D:9      | Offered knowledge of Mephitic Cloud by Vehumet.
  9740 | D:9      | Reached skill level 5 in Evocations
  9912 | D:9      | Reached skill level 12 in Air Magic
 10098 | D:9      | Found Tigoiso's Book Boutique.
 10221 | D:9      | Reached skill level 6 in Stealth
 10266 | D:9      | Found a bloodstained altar of Trog.
 10366 | D:9      | Reached *** piety under Vehumet
 10760 | D:9      | Reached skill level 6 in Evocations
 10821 | D:9      | Noticed a kobold demonologist
 10827 | D:9      | Killed a kobold demonologist
 10832 | D:9      | Reached skill level 7 in Stealth
 10835 | D:9      | HP: 4/50 [kobold brigand/+2 dagger of venom (4)]
 10836 | D:9      | HP: 1/50 [poisoned by a kobold brigand]
 10841 | D:9      | Offered knowledge of Flame Wave by Vehumet.
 10843 | D:9      | Killed from afar by a steam dragon

Vanquished Creatures
  A manticore (D:9)
  A kobold demonologist (D:9)
  A hornet (D:4)
  Grinder (D:6)
  A wyvern (D:6)
  An acid dragon (D:9)
  2 ice beasts
  An ogre (D:5)
  4 centaurs
  A phantom (D:5)
  4 bullfrogs
  18 kobold brigands
  3 scorpions
  2 gnoll sergeants
  3 wights (D:7)
  14 killer bees (D:9)
  A howler monkey (D:7)
  3 jellies
  6 orc priests
  3 gnoll boudas
  5 hounds
  Crazy Yiuf (D:2)
  3 iguanas
  Natasha (thrice) (D:2)
  3 orc wizards
  Terence (D:1)
  26 gnolls
  7 adders
  7 shadow imps
  5 white imps
  2 ufetubi (D:7)
  3 dart slugs
  14 orcs
  11 ball pythons
  6 endoplasms
  A giant cockroach (D:1)
  5 goblins
  9 hobgoblins
  2 quokkas
  4 bats
  A frilled lizard (D:1)
  11 kobolds
  7 rats
208 creatures vanquished.

Vanquished Creatures (others)
  4 demonic plants
  5 plants
9 creatures vanquished.

Grand Total: 217 creatures vanquished

Table legend: (Time is in decaauts)
 A = Elapsed time spent in this place.
 B = Non-inter-level travel time spent in this place.
 C = Inter-level travel time spent in this place.
 D = Time resting spent in this place.
 E = Time spent auto-exploring this place.
 F = Levels seen in this place.
 G = Mean time per level.
                   A        B        C        D        E       F      G
               +--------+--------+--------+--------+--------+-----+--------+
         Total |  10458 |  10095 |    363 |   1630 |   6976 |  10 | 1045.8 |
       Dungeon |  10340 |   9987 |    353 |   1630 |   6897 |   9 | 1148.9 |
        Temple |    118 |    108 |     10 |      0 |     78 |   1 |  118.0 |
               +--------+--------+--------+--------+--------+-----+--------+

Top non-repeatable levels by time:
     D:1: 1673 daAuts
     D:5: 1425 daAuts
     D:6: 1336 daAuts
     D:7: 1323 daAuts
     D:9: 1212 daAuts
     D:2: 1107 daAuts
     D:4: 930 daAuts
     D:8: 800 daAuts
     D:3: 530 daAuts
  Temple: 118 daAuts

Table legend:
 A = Non-vault XP
 B = Vault XP
 C = Vault XP percentage of total XP
 D = Non-vault monster count
 E = Vault monster count
 F = Vault count percentage of total count
                 A         B        C        D         E       F
            +---------+---------+-------+---------+---------+-------
      Total |    5669 |    2639 |  31.8 |     166 |      42 |  20.2
            +---------+---------+-------+---------+---------+-------
        D:1 |      74 |      32 |  30.2 |      27 |       1 |   3.6
        D:2 |     155 |      75 |  32.6 |      22 |       2 |   8.3
        D:3 |      12 |       0 |   0.0 |       7 |       0 |   0.0
        D:4 |     560 |       0 |   0.0 |      20 |       0 |   0.0
        D:5 |     856 |     146 |  14.6 |      17 |       5 |  22.7
        D:6 |     491 |     254 |  34.1 |       9 |       1 |  10.0
        D:7 |    1251 |     116 |   8.5 |      27 |      11 |  28.9
        D:8 |     407 |       0 |   0.0 |      10 |       0 |   0.0
        D:9 |    1863 |    2016 |  52.0 |      27 |      22 |  44.9
            +---------+---------+-------+---------+---------+-------
